 BcadrenCrawl: Boulder Brew version 0.04.2-3-g40356c7de1 (webtiles) character file.

Game seed: 4995091218048646407, levelgen mode: deterministic

294 gruber the Shield-Bearer (level 6, 0/47 HPs) Minotaur Demonspawn. Began on Apr 27, 2021. Succumbed to a water moccasin's poison ... on level 2 of the Dungeon. The game lasted 00:03:22 (890 turns).

gruber the Shield-Bearer (Minotaur Demonspawn)       Turns: 890, Time: 00:03:22

Health: 0/47       AC:  8    Str: 20    XL:     6 ^: 312
Magic:  7/7        EV: 12    Int:  9    God:
Gold:   54         SH:  2    Dex: 10    Spells: 6/7 levels left

rFire    . . .     Vision   .   a - +0 long sword
rCold    . . .     Gourm    .   f - +0 buckler
rNeg     . . .     Faith    .   j - +0 ring mail
rPois    +         Spirit   .   (helmet restricted)
rElec    .         Reflect  .   (no cloak)
rCorr    .         Harm     .   (no gloves)
MR       .....                  (no boots)
Stlth    ++........             (no amulet)
HPRegen  0.25/turn              h - ring of poison resistance
MPRegen  0.17/turn              (no ring)

@: lethally poisoned (0 -> -5), studying Unarmed Combat
A: retaliatory headbutt, horns 2, talons 2, icy blue scales 2, nightstalker 1
a: no special abilities


You were on level 2 of the Dungeon.
You were not hungry.

You visited 1 branch of the dungeon, and saw 2 of its levels.

You collected 54 gold pieces.

Inventory:

Weapons
 a - a +0 long sword (weapon) Shields
 b - a +0 heater shield
 f - a +0 buckler (shield)
Armour
 j - a +0 ring mail (worn)
 n - a +1 pair of gloves of archery
Jewellery
 h - a ring of poison resistance (left hand)
Scrolls
 c - 2 scrolls of blinking
 k - a scroll of enchantment
 l - a scroll of bless item
Potions
 e - a potion of magic
 g - a potion of haste
Miscellaneous
 i - a lightning rod (4/4)
Comestibles
 d - 4 rations


   Skills:
 - Level 1.2 Fighting
 - Level 4.2 Long Blades
 - Level 3.2 Dodging
 - Level 1.5 Stealth
 * Level 5.5 Shields
 - Level 1.1 Unarmed Combat
 - Level 1.0 Spellcasting
 - Level 1.3 Fire Magic
   Level 2.6 Invocations


You had 6 spell levels left.
You knew the following spells:

 Your Spells              Type           Power        Failure   Level  Hunger
a - Flame Tongue          Fire           2 (30)       26%         1    ##.....

Your spell library contained the following spells:

 Spells                   Type           Power        Failure   Level  Hunger
 Blink                    Tloc           N/A          56%         2    ###....
 Call Imp                 Summ           0 (100)      56%         2    ###....
 Slow                     Hex            0 (100)      56%         2    ###....
 Conjure Flame            Fire           2 (100)      63%         3    ####...
 Mephitic Cloud           Pois/Air       0 (100)      80%         3    ####...


Dungeon Overview and Level Annotations

Branches:
Dungeon (2/8)

Altars:


Innate Abilities, Weirdness & Mutations

You reflexively headbutt those who attack you in melee.
You have a pair of horns on your head.
You have razor-sharp toenails.
You are mostly covered in icy blue scales. (AC +3)
You are slightly more attuned to the shadows.


Message History

You closely miss the water moccasin. The water moccasin bites you (1).
* * * LOW HITPOINT WARNING * * *
The water moccasin bites you but does no damage.
You barely miss the water moccasin.
The water moccasin closely misses you (0).
You riposte.
You closely miss the water moccasin. You barely miss the water moccasin.
The water moccasin bites you (6).
* * * LOW HITPOINT WARNING * * *
You are lethally poisoned!
The water moccasin poisons you (19)!!
The water moccasin bites you but does no damage.
You feel better. You block the water moccasin's attack.
Unknown command.
You barely miss the water moccasin. The water moccasin bites you (6).
* * * LOW HITPOINT WARNING * * *
You are lethally poisoned!
The water moccasin poisons you (12)!
The water moccasin closely misses you (0).
You barely miss the water moccasin.
You die...

##..# ###..≈# #.# ≈
#≈....# ###.≈#
..##≈....# ##...≈#
..≈....≈## ##≈....≈
#.....≈## ##.....≈.
#.S@....####.≈....≈#
#≈.......≈.†......≈#
#..........†.......#
#.............≈....#
#≈.........≈##P#≈.≈#
##≈.......###.P#.≈.#
###.....!#≈≈PP####.
#...;.≈#≈≈# #≈#
#≈.≈#.##≈####≈###


You could see a water moccasin.

Vanquished Creatures
  A water moccasin (D:2)
  A bullfrog (D:2)
  A jelly (D:2)
  2 giant cockroaches
  3 cinder newts
  An ooze (D:1)
  3 dart slugs (D:1)
  A leopard gecko (D:1)
  2 ball pythons (D:2)
  2 goblins (D:1)
  5 hobgoblins (D:1)
  4 bats (D:1)
  A bat skeleton (D:2)
  5 kobolds (D:1)
  3 rats (D:1)
35 creatures vanquished.

Vanquished Creatures (others)
  27 withered plants (D:2)
27 creatures vanquished.

Grand Total: 62 creatures vanquished

Notes
Turn   | Place    | Note
-------+----------+-------------------------------------------
     0 | D:1      | gruber the Minotaur Demonspawn began the quest for the Orb.
     0 | D:1      | Reached XP level 1. HP: 16/16 MP: 1/1
    13 | D:1      | Gained mutation: You are partially covered in icy blue
                  | scales. (AC +2) [demonic ancestry]
    13 | D:1      | Reached XP level 2. HP: 23/23 MP: 3/3
    67 | D:1      | Gained mutation: You have sharp toenails. [demonic
                  | ancestry]
    67 | D:1      | Reached XP level 3. HP: 28/28 MP: 4/4
   254 | D:1      | Reached skill level 1 in Unarmed Combat
   301 | D:1      | Reached skill level 1 in Shields
   695 | D:2      | Reached skill level 2 in Shields
   695 | D:2      | Gained mutation: You are mostly covered in icy blue scales.
                  | (AC +3) [demonic ancestry]
   695 | D:2      | Reached XP level 4. HP: 5/35 MP: 5/5
   793 | D:2      | Reached skill level 3 in Shields
   793 | D:2      | Gained mutation: You have razor-sharp toenails. [demonic
                  | ancestry]
   793 | D:2      | Reached XP level 5. HP: 37/40 MP: 6/6
   798 | D:2      | Reached skill level 4 in Shields
   836 | D:2      | Noticed a water moccasin
   844 | D:2      | Killed a water moccasin
   844 | D:2      | Reached skill level 5 in Shields
   844 | D:2      | Gained mutation: You are slightly more attuned to the
                  | shadows. [demonic ancestry]
   844 | D:2      | Reached XP level 6. HP: 28/47 MP: 7/7
   875 | D:2      | Noticed a water moccasin
   882 | D:2      | HP: 1/47 [water moccasin (2)]
   887 | D:2      | HP: 1/47 [water moccasin (6)]
   890 | D:2      | Succumbed to a water moccasin's poison

Levels and vault maps discovered:
D:1:      nzn_arrival_crosshair, layout_basic, lemuel_another_geyser
D:2:      layout_sewer, uniq_sigmund, uniq_menkaure

Skill      XL: |  1  2  3  4  5 |
---------------+----------------+-----
Long Blades    | 3 4 |  4.2
Unarmed Combat | 1 |  1.1
Shields        | 2 3 5 |  5.5
Fighting       | |  1.2
Dodging        | |  3.2
Stealth        | |  1.5
Spellcasting   | |  1.0
Fire Magic     | |  1.3
Invocations    | |  2.6

Action                   |  1- 3 |  4- 6 || total
-------------------------+-------+-------++-------
Melee: Long sword        |    41 |    20 ||    61
       Unarmed           |    13 |       ||    13
       Headbutt          |     4 |     2 ||     6
       Kick              |     5 |     3 ||     8
  Use: Potion            |       |     2 ||     2
 Stab: Sleeping          |     1 |       ||     1
Armor: Leather armour    |    10 |       ||    10
       Ring mail         |     1 |     7 ||     8
Dodge: Dodged            |    29 |    16 ||    45
Block: Buckler           |     3 |     4 ||     7
       Rpst.: Long sword |     9 |     4 ||    13
